 Dungeon Crawl Stone Soup version 0.15-a0-368-g875a5fb (webtiles) character file.

11747 MrRokkomies the Marksgargoyle (level 11, -2/66 HPs)
             Began as a Gargoyle Hunter on May 3, 2014.
             Was a High Priest of Okawaru.
             Shot with an arrow of flame by a centaur warrior (19 damage)
             ... on Level 11 of the Dungeon on May 4, 2014.
             The game lasted 01:04:35 (12502 turns).

MrRokkomies the Marksgargoyle (Gargoyle Hunter)    Turns: 12502, Time: 01:04:36

HP  -2/66        AC 21     Str 18      XL: 11   Next: 72%
MP   0/11        EV  9     Int 13      God: Okawaru [*****.]
Gold 672         SH  0     Dex 10      Spells:  3 memorised,  2 levels left

rFire  . . .     SeeInvis .     b - +2,+3 bow
rCold  . . .     Clarity  .     F - +0 chain mail
rNeg   + . .     Conserve .     (no shield)
rPois  +         rCorr    .     d - +0 helmet
rElec  +         rRot     +     z - +0 cloak
SustAb . .       Spirit   +     (no gloves)
rMut   .         Warding  .     (no boots)
Saprov . . .     Stasis   .     I - cursed amulet of guardian spirit
MR     .....                    (no ring)
                                w - +2 ring of evasion

@: not resistant to hostile enchantments, extremely unstealthy
A: life protection 1, electricity resistance, unbreathing, petrification
resistance, AC +7
a: Heroism, Finesse, Renounce Religion


You were on level 11 of the Dungeon.
You worshipped Okawaru.
Okawaru was extremely pleased with you.
You were not hungry.

You visited 3 branches of the dungeon, and saw 13 of its levels.

You collected 672 gold pieces.

Inventory:

Hand weapons
 a - a +1,+1 dagger of electrocution
 b - a +2,+3 bow (weapon)
 f - the +1,+0 sling "Joukats" {frost, rF++}
   (You found it on level 11 of the Dungeon)

   It turns projectiles fired from it into bolts of frost.
   It greatly protects you from fire.
 q - a +2,+1 great sword
Missiles
 c - 140 arrows
 B - 6 poisoned arrows (quivered)
 C - 6 arrows of frost
 G - 28 arrows of dispersal
Armour
 d - a +0 helmet (worn)
 z - a +0 cloak (worn)
 F - a +0 chain mail (worn)
Magical devices
 A - a wand of lightning (0)
 E - a wand of fire (7)
 H - a wand of paralysis (5)
Comestibles
 i - 6 meat rations
Scrolls
 h - a scroll of magic mapping {unknown}
 m - 2 scrolls of acquirement {unknown}
 u - a scroll of remove curse
 x - a scroll of recharging
Jewellery
 p - an uncursed ring of teleportation
 w - a +2 ring of evasion (left hand)
 I - a cursed amulet of guardian spirit (around neck)
 M - an uncursed amulet of rage
Potions
 g - 5 potions of curing
 j - a potion of porridge
 k - 2 potions of haste
 l - a potion of brilliance
 n - a potion of agility
 o - a potion of might {unknown}
 s - a potion of invisibility {unknown}
 t - 3 potions of restore abilities
 P - 2 potions of beneficial mutation {unknown}
 Q - a potion of mutation {unknown}
 U - a potion of decay {unknown}
Books
 v - a book of Conjurations

   Spells                             Type                      Level
   Magic Dart                         Conjuration                  1
   Searing Ray                        Conjuration                  2
   Dazzling Spray                     Conjuration/Hexes            3
   Fulminant Prism                    Conjuration/Hexes            4
   Iskenderun's Mystic Blast          Conjuration                  4
   Iskenderun's Battlesphere          Conjuration/Charms           5
Miscellaneous
 T - a phial of floods


   Skills:
 + Level 6.4 Fighting
 + Level 15.2 Bows
 - Level 8.0 Armour
 - Level 2.2 Dodging
 - Level 1.1 Stealth


You had 2 spell levels left.
You knew the following spells:

 Your Spells              Type           Power        Failure   Level  Hunger
a - Control Teleport      Chrm/Tloc      #.........   100%        4    #####..
b - Swiftness             Chrm/Air       #.......     100%        2    ###....
c - Repel Missiles        Chrm/Air       #.....       100%        2    ###....


Dungeon Overview and Level Annotations

Branches:
Dungeon (11/15)            Temple (1/1) D:4             Orc (0/4) D:10
   Lair (1/8) D:11

Altars:
Ashenzari
Cheibriados
Dithmenos
Elyvilon
Fedhas
Kikubaaqudgha
Makhleb
Nemelex Xobeh
Okawaru
Sif Muna
Trog
Vehumet
Xom
Yredelemnul
Zin
The Shining One

Portals:
Trove: D:10 (give 2 scrolls of acquirement)

Annotations:
D:5 Armakuni's ghost, average HuWz
D:6 exclusion: oklob plant


Innate Abilities, Weirdness & Mutations

You are resistant to torment.
You are immune to poison.
You are immune to rotting.
Your stone body is very resilient (AC +7).
You resist negative energy.
You are resistant to electric shocks.
You can survive without breathing.
You are immune to petrification.


Message History

The poisoned arrow hits the deep elf mage.
The deep elf mage is poisoned.
The deep elf mage is heavily wounded.
The deep elf mage points at you and mumbles some strange words.
The flame tongue hits you!
* * * LOW HITPOINT WARNING * * *
Read which item? (? for menu, Esc to quit)
Okay, then.
Evoke which item? (* to show all) (? for menu, Esc to quit)
Zapping:
E - a wand of fire {zapped: 4}
Press: ? - help, Shift-Dir - straight line, f/p - centaur warrior
Aim: a centaur warrior, wielding a longbow (moderately wounded, poisoned)
The bolt of fire hits the deep elf mage.
You kill the deep elf mage!
Okawaru accepts your kill.
The bolt of fire hits the centaur warrior.
The centaur warrior is heavily wounded.
The centaur warrior shoots an arrow of flame.
The arrow of flame hits you!
You die...

######## # ........#
... #### .........#
.... +... .........#
..... ####
....[....####.......
..........'.@)c....!.
..........####.......
## ########'## #####
#. #.....# #.
##.##### # ##..#
#..## ##.####### #.
####........# #.


You could see a centaur warrior.

Vanquished Creatures
  An ogre mage (D:11)
  Pikel (D:7)
  3 hill giants
  A cyclops (D:11)
  A manticore (D:11)
  A black mamba (Lair:1)
  A komodo dragon (D:10)
  A troll (D:9)
  A deep elf mage (D:11)
  A vampire (D:11)
  6 yaks (D:11)
  A wraith (D:9)
  A hill giant zombie (D:11)
  A hungry ghost (D:7)
  A shadow (D:11)
  2 basilisks
  A hippogriff (D:11)
  A vampire mosquito (D:11)
  An ugly thing (D:11)
  Edmund (D:9)
  A porcupine (Lair:1)
  3 orc warriors
  4 slaves (D:7)
  A sky beast (D:7)
  3 ogres
  2 ice beasts
  2 phantoms
  9 centaurs
  A yellow wasp (D:7)
  A giant slug (D:11)
  5 giant frogs
  A big kobold (D:7)
  An eye of draining (D:9)
  5 scorpions
  A tengu zombie (D:11)
  4 wights (D:9)
  3 crimson imps
  2 goliath beetles
  6 jellies
  9 orc priests
  2 giant frog zombies (D:6)
  Crazy Yiuf (D:2)
  2 big fish (D:6)
  3 orc wizards
  A worker ant (D:7)
  7 sheep
  An orange rat (D:7)
  Jessica (D:2)
  A hound zombie (D:9)
  2 mummies
  A worker ant zombie (D:6)
  12 adders
  13 green rats
  3 shadow imps
  2 orc skeletons
  2 giant mites
  2 worms (D:7)
  An iguana zombie (D:11)
  2 giant eyeballs
  62 orcs
  8 giant cockroaches
  14 hobgoblins
  7 jackals
  6 quokkas
  3 ball pythons
  18 bats
  7 giant geckos
  7 giant newts
  9 goblins
  16 kobolds
  21 rats
  7 ballistomycetes
336 creatures vanquished.

Vanquished Creatures (others)
  A giant frog (D:8)
  2 giant spores
  A plant (D:6)
4 creatures vanquished.

Grand Total: 340 creatures vanquished

Notes
Turn   | Place    | Note
--------------------------------------------------------------
     0 | D:1      | MrRokkomies, the Gargoyle Hunter, began the quest for the Orb.
     0 | D:1      | Reached XP level 1. HP: 12/12 MP: 1/1
   146 | D:1      | Reached XP level 2. HP: 16/16 MP: 2/2
   606 | D:2      | Noticed Jessica
   658 | D:2      | Killed Jessica
   658 | D:2      | Reached XP level 3. HP: 16/20 MP: 3/3
   993 | D:2      | Reached skill level 5 in Bows
   993 | D:2      | Reached XP level 4. HP: 15/25 MP: 4/4
  1337 | D:2      | Reached skill level 1 in Armour
  1502 | D:2      | Noticed Crazy Yiuf
  1513 | D:2      | Killed Crazy Yiuf
  1942 | D:3      | Reached XP level 5. HP: 26/29 MP: 5/5
  2924 | D:4      | Found a shimmering altar of Xom.
  2924 | D:4      | Found a staircase to the Ecumenical Temple.
  2934 | Temple   | Entered the Ecumenical Temple
  3267 | D:4      | Noticed a phantom
  3282 | D:4      | Killed a phantom
  3282 | D:4      | Reached XP level 6. HP: 32/34 MP: 6/6
  3295 | D:4      | Reached skill level 6 in Bows
  3696 | D:4      | Noticed an ice beast
  3706 | D:4      | Killed an ice beast
  3908 | D:4      | Noticed an ogre
  3915 | D:4      | Killed an ogre
  3915 | D:4      | Reached skill level 5 in Armour
  3915 | D:4      | Reached XP level 7. HP: 38/38 MP: 7/7
  4064 | D:5      | Entered Level 5 of the Dungeon
  4076 | D:5      | Learned a level 4 spell: Control Teleport
  4901 | D:5      | Noticed Armakuni's ghost (average HuWz)
  5274 | D:6      | Reached XP level 8. HP: 32/43 MP: 8/8
  5276 | D:6      | Reached skill level 7 in Armour
  5346 | D:6      | Found an iron altar of Okawaru.
  5354 | D:6      | Became a worshipper of Warmaster Okawaru
  5747 | D:6      | Found a blossoming altar of Fedhas.
  5774 | D:6      | Noticed an oklob plant
  5817 | D:6      | Reached skill level 8 in Armour
  6683 | D:7      | Reached XP level 9. HP: 42/49 MP: 7/9
  6738 | D:7      | Acquired Okawaru's first power
  6738 | D:7      | Reached skill level 9 in Bows
  6909 | D:7      | Noticed Pikel
  6929 | D:7      | Killed Pikel
  6977 | D:7      | Found a glowing golden altar of the Shining One.
  7194 | D:7      | Reached skill level 10 in Bows
  8056 | D:8      | Found a blossoming altar of Fedhas.
  8513 | D:9      | Reached skill level 5 in Fighting
  8514 | D:9      | Reached skill level 11 in Bows
  8559 | D:9      | Reached XP level 10. HP: 37/59 MP: 10/10
  8767 | D:9      | Noticed Edmund
  8780 | D:9      | Killed Edmund
  8816 | D:9      | Learned a level 2 spell: Swiftness
  8819 | D:9      | Learned a level 2 spell: Repel Missiles
  9270 | D:10     | Entered Level 10 of the Dungeon
  9589 | D:10     | Found a staircase to the Orcish Mines.
  9611 | D:10     | Reached skill level 12 in Bows
  9735 | D:10     | Upgraded the game from 0.15-a0-357-gf0ffff9 to 0.15-a0-368-g875a5fb
  9904 | D:10     | Got a crude shield
  9960 | D:10     | Noticed a hill giant
  9971 | D:10     | Killed a hill giant
 10239 | D:10     | Found a portal to a secret trove of treasure.
 10509 | D:11     | Found a staircase to the Lair.
 10528 | D:11     | Got a transparent sling
 10532 | Lair:1   | Entered Level 1 of the Lair of Beasts
 10703 | D:11     | Reached skill level 13 in Bows
 11268 | Lair:1   | Noticed a black mamba
 11280 | Lair:1   | Killed a black mamba
 11280 | Lair:1   | Reached XP level 11. HP: 51/64 MP: 9/11
 11323 | Lair:1   | Identified the cursed +1,+0 sling "Joukats" {frost, rF++} (You found it on level 11 of the Dungeon)
 11330 | Lair:1   | Identified the +3 shield of Trog's Whim {rN+ Str+1 Acc+4} (You found it on level 10 of the Dungeon)
 11414 | D:11     | Acquired Okawaru's second power
 11587 | D:11     | Noticed a manticore
 11587 | D:11     | Noticed a cyclops
 11587 | D:11     | Noticed a hill giant
 11588 | D:11     | Noticed an ogre mage
 11599 | D:11     | Killed a hill giant
 11599 | D:11     | Killed a manticore
 11599 | D:11     | Reached skill level 14 in Bows
 11599 | D:11     | Killed a cyclops
 11599 | D:11     | Received a gift from Okawaru
 11634 | D:11     | Noticed a centaur warrior
 12036 | D:11     | Paralysed by an ogre mage for 5 turns
 12039 | D:11     | Killed an ogre mage
 12045 | D:11     | Received a gift from Okawaru
 12235 | D:11     | Noticed a hill giant
 12245 | D:11     | Killed a hill giant
 12245 | D:11     | Reached skill level 15 in Bows
 12497 | D:11     | Noticed a centaur warrior
 12502 | D:11     | Shot with an arrow of flame by a centaur warrior

Action                   |  1- 3 |  4- 6 |  7- 9 | 10-12 || total
-------------------------+-------+-------+-------+-------++-------
Melee: Short sword       |    89 |    80 |       |       ||   169
       Whip              |    27 |       |       |       ||    27
       Bow               |       |     1 |       |       ||     1
       Cutlass           |       |    84 |       |       ||    84
       Flail             |       |    83 |   383 |       ||   466
       Dagger            |       |       |   294 |   254 ||   548
       Mace              |       |       |    43 |       ||    43
 Fire: Bow               |    34 |    55 |    73 |   248 ||   410
       Blowgun           |       |       |    40 |       ||    40
 Abil: Evoke Teleportati |       |       |       |     2 ||     2
Evoke: Wand              |       |     2 |     3 |    10 ||    15
  Use: Scroll            |     4 |     6 |     6 |    14 ||    30
       Potion            |       |       |     1 |     7 ||     8
 Stab: Paralysed         |       |       |     1 |     5 ||     6
